Map: Вечная империя РВ

Players

ReMinDeR - Winner!

  • Race: Terran Terran
  • League: Diamond
  • Spawn Location: 1:00

Christiaan

  • Race: Protoss Protoss
  • League: Diamond
  • Spawn Location: 7:00

VOD

Have the link to the VOD?

Description

Time

  • Played on: March 23, 2020, 4:08 a.m.
  • Length: 13:33
Show
View Real Time Build Order
Export as new Build Order

ReMinDeR Terran - Winner!

Build Orders: Gas First Reaper Expand, Banshee Rush 

Get SALT Encoding   

  12  0:01  SCV  
  13  0:13  SCV  
  14  0:17  Supply Depot  
  14  0:25  SCV  
  15  0:28  Refinery  
  15  0:39  SCV  
  16  0:45  Barracks  
  16  0:51  SCV  
  17  1:03  SCV  
  18  1:15  SCV  
  19  1:31  Orbital Command  
  19  1:32  Reaper  
  20  1:48  Command Center  
  20  2:00  Factory  
  20  2:05  Barracks Reactor  
  20  2:07  SCV  
  21  2:19  SCV  
  21  2:20  Supply Depot  
  22  2:25  Refinery  
  22  2:32  SCV  
  23  2:45  SCV  
  23  2:49  Starport  
  24  2:53  Barracks Tech Lab, Hellion x2  
  24  2:58  SCV  
  29  3:05  Orbital Command  
  29  3:10  SCV  
  30  3:19  Marine x2  
  32  3:22  SCV  
  32  3:23  Factory Tech Lab  
  33  3:31  SCV  
  33  3:32  Banshee  
  38  3:34  SCV  
  38  3:37  Cloaking Field  
  38  3:42  Supply Depot  
  38  3:43  SCV  
  38  4:01  Marine x2  
  38  4:02  Siege Tank, SCV x2  
  43  4:04  Supply Depot  
  43  4:12  Bunker  
  43  4:18  Banshee  
  43  4:22  Marine x2  
  43  4:24  SCV x2  
  48  4:31  Barracks  
  48  4:36  SCV x2, Barracks  
  48  4:37  Supply Depot  
  50  4:41  Marine  
  50  4:42  Marine  
  52  4:46  Siege Tank  
  52  4:48  SCV x2  
  57  4:52  Engineering Bay  
  57  4:54  Refinery  
  57  5:08  SCV x2  
  59  5:15  Marine x2  
  61  5:25  Starport Reactor  
  61  5:27  SCV x2  
  63  5:36  Terran Infantry Weapons Level 1, Supply Depot  
  63  5:39  SCV x2, Factory Reactor  
  63  5:41  Supply Depot  
  63  5:42  Refinery  
  65  5:45  Marine x2  
  65  5:47  Marauder x2  
  65  5:48  Stimpack, Combat Shield  
  68  5:58  SCV x2  
  68  6:03  Command Center, Supply Depot  
  70  6:05  Supply Depot  
  70  6:10  SCV x2  
  72  6:14  Marine x2  
  72  6:15  Marauder x2  
  80  6:18  Widow Mine  
  80  6:19  Medivac  
  80  6:22  SCV x2  
  81  6:29  Medivac, Widow Mine  
  81  6:32  Supply Depot  
  85  6:33  Marine, Supply Depot  
  85  6:34  Marine  
  85  6:36  SCV x2  
  85  6:39  Marauder  
  91  6:42  Marauder  
  93  6:52  Marine x2, Widow Mine x2  
  100  6:54  SCV x2  
  100  6:59  Engineering Bay  
  101  7:02  Armory, Marauder  
  101  7:06  SCV x2  
  101  7:07  Concussive Shells  
  105  7:08  Supply Depot  
  105  7:10  Supply Depot  
  105  7:18  Orbital Command  
  105  7:20  SCV x2, Marine  
  105  7:21  Marine  
  105  7:22  Marauder  
  111  7:28  Marauder  
  113  7:30  Terran Infantry Armor Level 1  
  111  7:57  Marine x3  
  111  7:58  Medivac x2, Widow Mine x2, Marauder  
  120  7:59  SCV x2  
  120  8:03  Orbital Command  
  121  8:06  Barracks x2  
  119  8:13  SCV x2  
  119  8:15  Marauder  
  119  8:18  Marine x2  
  119  8:19  Marauder  
  127  8:22  Widow Mine x2  
  111  8:42  Marine x2  
  111  8:43  Marauder x2  
  111  8:45  Terran Infantry Weapons Level 2  
  116  8:53  Barracks Reactor  
  116  8:54  Barracks Tech Lab  
  105  8:59  SCV x2  
  105  9:01  Refinery  
  105  9:02  Refinery  
  107  9:04  Marine x2  
  107  9:05  Medivac x2, Command Center, Widow Mine x2  
  107  9:09  Terran Ship Weapons Level 1  
  117  9:11  SCV  
  117  9:12  Barracks, Marauder x2  
  117  9:13  Barracks  
  117  9:15  Barracks  
  117  9:16  Marauder  
  124  9:18  Supply Depot  
  124  9:21  SCV, Supply Depot  
  124  9:22  SCV  
  126  9:28  SCV  
  126  9:29  Marine x2  
  126  9:30  Marine x2, Widow Mine x2  
  135  9:33  SCV, Terran Infantry Armor Level 2  
  135  9:35  SCV  
  137  9:47  Marine x3  
  137  9:48  Marauder x2  
  137  9:50  Supply Depot  
  137  9:51  Supply Depot  
  144  9:53  SCV x2  
  144  9:55  Marine x2  
  144  9:56  Medivac x2, Widow Mine x2  
  156  10:02  Barracks Tech Lab x3  
  156  10:04  Ghost Academy  
  156  10:05  Ghost Academy  
  156  10:06  Marauder  
  156  10:24  Marine  
  156  10:25  Marine x3  
  156  10:26  Widow Mine, Marauder x5  
  156  10:27  Widow Mine, Marauder  
  159  10:40  Medivac x2  
  155  10:43  Starport  
  155  10:45  Marine x3  
  155  10:46  Marine  
  155  10:47  Marauder, Fusion Core  
  161  10:50  Ghost x3  
  166  11:08  Marine  
  166  11:09  Marine x3  
  166  11:10  Marauder x3  
  175  11:26  Planetary Fortress  
  175  11:28  Marine x4  
  175  11:29  Marauder x2  
  175  11:32  Marauder x2  
  187  11:33  Starport Reactor  
  187  11:36  SCV x3  
  190  11:41  Supply Depot  
  190  11:47  Marine x4  
  190  11:48  Unknown  
  190  11:52  Marauder  
  196  11:59  Enhanced Shockwaves  
  196  12:03  Marauder x2  
  200  12:12  Command Center  
  200  12:39  Command Center  
  200  12:42  Command Center  
  200  12:49  Command Center  
  200  12:53  Marauder  
  200  12:55  Marauder  
  200  12:56  Ghost  
Show
View Real Time Build Order
Export as new Build Order

Christiaan Protoss 

Build Orders: 1 Gate Expand, Blink Stalkers 

Get SALT Encoding   

  12  0:02  Probe  
  13  0:14  Probe  
  13  0:18  Pylon  
  14  0:26  Probe  
  15  0:37  Gateway  
  15  0:40  Probe (Chrono Boost)  
  16  0:49  Probe (Chrono Boost)  
  17  0:54  Probe  
  18  1:06  Probe  
  18  1:08  Assimilator  
  19  1:25  Nexus  
  19  1:31  Cybernetics Core  
  19  1:36  Probe (Chrono Boost)  
  20  1:47  Probe (Chrono Boost)  
  21  1:51  Pylon  
  21  1:52  Assimilator  
  21  1:56  Probe  
  22  2:08  Warp Gate (Chrono Boost), Probe  
  22  2:09  Adept (Chrono Boost)  
  24  2:20  Probe  
  25  2:30  Stalker (Chrono Boost)  
  25  2:32  Probe  
  28  2:38  Probe  
  29  2:44  Probe  
  29  2:50  Probe  
  31  2:51  Twilight Council  
  31  2:57  Probe  
  32  3:02  Gateway  
  32  3:05  Gateway  
  32  3:07  Probe  
  33  3:16  Probe  
  34  3:22  Probe  
  35  3:27  Blink (Chrono Boost)  
  35  3:28  Probe  
  36  3:34  Probe  
  36  3:36  Pylon  
  36  3:40  Probe  
  38  3:48  Pylon  
  38  3:49  Pylon  
  38  4:00  Probe  
  37  4:03  Stalker x2  
  37  4:04  Stalker  
  43  4:21  Probe  
  43  4:22  Probe  
  45  4:29  Stalker  
  45  4:30  Stalker  
  49  4:33  Probe  
  49  4:34  Probe  
  51  4:40  Robotics Facility  
  51  4:44  Pylon  
  51  4:45  Probe  
  52  4:49  Probe  
  53  4:57  Probe  
  54  5:01  Probe  
  50  5:09  Probe  
  50  5:11  Shield Battery  
  47  5:16  Stalker  
  47  5:17  Stalker x2  
  48  5:50  Probe  
  49  5:58  Observer (Chrono Boost)  
  49  6:00  Probe  
  49  6:02  Probe  
  52  6:12  Probe  
  52  6:14  Observer (Chrono Boost)  
  52  6:15  Probe  
  55  6:19  Nexus  
  55  6:24  Probe  
  56  6:27  Charge (Chrono Boost), Probe  
  57  6:37  Probe  
  57  6:39  Probe  
  59  6:43  Zealot x3  
  59  6:46  Pylon  
  65  6:47  Pylon  
  65  6:49  Probe  
  65  6:50  Pylon  
  65  6:51  Probe  
  67  7:01  Assimilator, Probe  
  68  7:03  Probe  
  69  7:13  Zealot x3, Probe  
  69  7:15  Probe  
  77  7:23  Gateway  
  77  7:24  Gateway  
  77  7:33  Gateway  
  77  7:34  Gateway  
  77  7:36  Zealot x3  
  79  7:59  Zealot x3  
  79  8:01  Probe  
  78  8:19  Zealot x3  
  84  8:20  Zealot  
  84  8:23  Zealot  
  88  8:27  Zealot  
  88  8:29  Probe  
  88  8:33  Probe  
  70  8:42  Stalker x5, Probe  
  70  8:45  Zealot, Probe  
  80  8:54  Probe  
  81  8:57  Probe  
  81  9:00  Immortal (Chrono Boost)  
  82  9:04  Nexus, Forge  
  82  9:06  Sentry x3  
  82  9:07  Sentry  
  82  9:08  Observer  
  94  9:14  Assimilator  
  94  9:18  Robotics Bay  
  94  9:26  Pylon  
  94  9:27  Pylon  
  94  9:35  Protoss Ground Armor Level 1 (Chrono Boost)  
  94  9:38  Pylon  
  94  9:50  Zealot  
  94  9:51  Zealot x6  
  108  10:12  Stalker x5  
  118  10:17  Zealot x2  
  120  10:26  Probe  
  120  10:28  Probe  
  112  10:33  Probe  
  103  10:40  Zealot x4  
  109  10:43  Zealot  
  109  10:44  Zealot x2  
  109  10:49  Probe  
  116  10:52  Probe  
  115  11:09  Probe  
  114  11:11  Colossus (Chrono Boost)  
  116  11:20  Robotics Facility  
  116  11:31  Nexus  
  116  11:33  Pylon  
  116  11:35  Forge  
  116  11:47  Extended Thermal Lance (Chrono Boost)  
  116  11:53  Colossus (Chrono Boost)  
  116  11:54  Sentry x2  
  116  11:56  Stalker x2  
  116  11:57  Stalker x3  
  136  12:20  Pylon  
  136  12:21  Pylon  
  136  12:23  Pylon  
  136  12:28  Pylon  
  136  12:31  Stalker x2  
  140  12:37  Probe  
  140  12:38  Colossus  
  147  12:50  Stalker x4  
  151  12:59  Stalker  
Tags
 
Add a new tag
Caveats
  • Supply blocks, unpowered buildings, or Contaminate may cause inaccurate times.
  • Supply counts are checked every 10 seconds.